 Dungeon Crawl Stone Soup version 0.30-a0-632-g346586fe48 (webtiles) character file.

Game seed: 14870872595479505221

268 bmack86 the Shield-Bearer (level 6, -4/53 HPs)
             Began as a Minotaur Fighter on Jan 14, 2023.
             Slain by a small abomination (13 damage)
             ... created by the touch of Lugonu
             ... on level 3 of the Dungeon.
             The game lasted 00:08:48 (2390 turns).

bmack86 the Shield-Bearer (Minotaur Fighter)        Turns: 2390, Time: 00:08:49

Health: -4/53      AC: 14    Str: 23    XL:     6   Next: 1%
Magic:  5/5        EV:  7    Int:  5    God:
Gold:   100        SH:  4    Dex:  9    Spells: 5/5 levels left

rFire   . . .      SeeInvis .    a - +0 war axe
rCold   . . .      Faith    .    c - +0 buckler
rNeg    . . .      Spirit   .    o - +0 chain mail
rPois   .          Reflect  .    (helmet restricted)
rElec   .          Harm     .    u - +0 cloak
rCorr   .          Rampage  .    n - +2 pair of gloves
Will    .....                    (no boots) Stlth
                                 (no amulet)
HPRegen 0.28/turn                (no ring)
MPRegen 0.09/turn                (no ring)

@: no status effects
A: horns 2, retaliatory headbutt
a: no special abilities


You were on level 3 of the Dungeon.
You visited 1 branch of the dungeon, and saw 3 of its levels.
You visited the Abyss 1 time.

You collected 100 gold pieces.

Inventory:

Hand Weapons
 a - a +0 war axe (weapon)
Missiles
 v - 5 poisoned darts (quivered)
Armour
 b - a +0 scale mail
 c - a +0 buckler (worn)
 f - a +0 tower shield
 n - a +2 pair of gloves (worn)
 o - a +0 chain mail (worn)
 u - a +0 cloak (worn)
Scrolls
 d - a scroll of enchant armour {unknown}
 e - 2 scrolls of enchant weapon {unknown}
 i - a scroll of noise {unknown}
 j - 2 scrolls of poison
 k - a scroll of fog {unknown}
 l - 2 scrolls of teleportation {unknown}
 m - a scroll of brand weapon {unknown}
 p - 3 scrolls of fear {unknown}
Potions
 g - a potion of brilliance {unknown}
 h - a potion of heal wounds {unknown}
 q - a potion of magic {unknown}
 r - a potion of degeneration {unknown}
 s - a potion of invisibility {unknown}
 t - a potion of ambrosia {unknown}
 w - a potion of curing


   Skills:
 + Level 4.6 Fighting
 * Level 4.6 Axes
 + Level 0.0 Throwing
 + Level 4.6 Armour
 * Level 5.3 Shields
 + Level 1.1 Invocations


You had 5 spell levels left.
You didn't know any spells.
Your spell library contained the following spells:

 Spells                   Type           Power      Damage    Failure   Level
 Shock                    Conj/Air       0%         1d3       99%         1
 Blink                    Tloc           0%         N/A       100%        2
 Swiftness                Air            0%         N/A       100%        3
 Airstrike                Air            0%         2d(0-16)  100%        4
 Manifold Assault         Tloc           0%         N/A       100%        4
 Storm Form               Tmut/Air       0%         N/A       100%        7


Dungeon Overview and Level Annotations

Branches:
Dungeon (3/15)

Altars:
Kikubaaqudgha


Innate Abilities, Weirdness & Mutations

You have a pair of horns on your head.
You reflexively headbutt those who attack you in melee.


Message History

You have reached level 6!
You see here a frilled lizard corpse.
As you open the door, it creaks loudly!
A dart slug comes into view.
There is an open door here.
A dart slug is nearby!
Found a robe.
The dart slug briefly extends its eye-stalks.
The dart slug launches a dart at you.
The slug dart hits you but does no damage.
You hit the dart slug.
The dart slug is heavily wounded.
The dart slug launches a dart at you. The slug dart misses you.
You completely miss the dart slug. You headbutt the dart slug.
You kill the dart slug!
You open the door. Lugonu's wrath scatters you!
Lugonu sends minions to punish you.
A small abomination comes into view.
There is an open door here.
The small abomination hits you but does no damage.
You hit the small abomination but do no damage.
The small abomination hits you!
You hit the small abomination.
Your headbutt misses the small abomination.
The small abomination is moderately damaged.
The small abomination hits you! The small abomination hits you.
You barely miss the small abomination.
The small abomination is moderately damaged.
The small abomination hits you!
You slash the small abomination!
The small abomination is severely damaged.
The small abomination hits you but does no damage.
You block the small abomination's attack.
You hit the small abomination but do no damage.
The small abomination is severely damaged.
The small abomination hits you!
* * * LOW HITPOINT WARNING * * *
The small abomination hits you!
You die...

##.......##
#.........#
+.........
#........
#......+
#.....# #...#
####'###
#....@x#
#.##.####
###.##.##.#
.........#.#
####.......#
#.#...#.#####.#
#.##.[........#
#.......#######
##.#.####


You could see a small abomination.

Vanquished Creatures
  2 small abominations (D:3)
  A scorpion (D:3)
  Crazy Yiuf (D:2)
  Jessica (D:2)
  2 orc wizards (D:3)
  Robin (D:2)
  4 adders
  A worm (D:2)
  2 dart slugs
  3 orcs (D:3)
  2 ball pythons
  4 bats
  2 endoplasms
  2 giant cockroaches
  9 goblins
  13 hobgoblins
  4 jackals (D:2)
  7 frilled lizards
  7 kobolds
  A rat (D:2)
69 creatures vanquished.

Notes
Turn   | Place    | Note
-------+----------+-------------------------------------------
     0 | D:1      | bmack86 the Minotaur Fighter began the quest for the Orb.
     0 | D:1      | Reached XP level 1. HP: 19/19 MP: 0/0
   161 | D:1      | Reached XP level 2. HP: 27/27 MP: 1/1
   363 | D:1      | Reached skill level 4 in Shields
   691 | D:2      | Noticed Robin
   707 | D:1      | Reached XP level 3. HP: 21/33 MP: 2/2
   756 | Abyss:1  | Found a corrupted altar of Lugonu.
   756 | Abyss:1  | Cast into level 1 of the Abyss (goblin)
   776 | Abyss:1  | Became a worshipper of Lugonu the Unformed
   776 | Abyss:1  | Reached * piety under Lugonu
   776 | Abyss:1  | Reached ** piety under Lugonu
   779 | Abyss:1  | Noticed a small abomination
   781 | D:2      | Escaped the Abyss
   886 | D:2      | Noticed Jessica
   899 | D:2      | Killed Jessica
   941 | D:2      | Found an ancient bone altar of Kikubaaqudgha.
   962 | D:2      | Reached XP level 4. HP: 40/40 MP: 3/3
  1070 | D:2      | Killed Robin
  1327 | D:2      | Found a runed translucent door.
  1328 | D:2      | Noticed Crazy Yiuf
  1475 | D:2      | Killed Crazy Yiuf
  1476 | D:2      | Reached XP level 5. HP: 35/47 MP: 4/4
  1614 | D:3      | Found a faded altar of an unknown god.
  1643 | D:3      | Fell from the grace of Lugonu
  1662 | D:3      | Reached skill level 5 in Shields
  1666 | D:3      | Noticed a small abomination
  1673 | D:3      | Killed a small abomination
  1709 | D:3      | Noticed a small abomination
  1719 | D:3      | Killed a small abomination
  2297 | D:3      | Reached skill level 1 in Invocations
  2355 | D:3      | Reached XP level 6. HP: 53/53 MP: 5/5
  2384 | D:3      | Noticed a small abomination
  2390 | D:3      | Slain by a small abomination

Illustrated notes

Levels and vault maps discovered:
D:1:      dpeg_arrival_leaves_temple_mockup, layout_basic
D:2:      layout_rooms, basic_altar, minmay_octomino_c4,
          uniq_crazy_yiuf_cottage, uniq_robin, uniq_jessica
D:3:      layout_loops_corners, ebering_ecumenical_altar_abandoned,
          serial_rivers, chequers_serial_rivers_micro_b,
          chequers_serial_rivers_micro_b, chequers_serial_rivers_micro_b,
          chequers_serial_rivers_small_a, chequers_serial_rivers_large_a,
          chequers_serial_rivers_room_a, kennysheep_path_1

Skill      XL: |  1  2  3  4  5 |
---------------+----------------+-----
Shields        | 4 5 |  5.3
Axes           | 3 4 |  4.6
Fighting       | 4 |  4.6
Armour         | 4 |  4.6
Invocations    | 1 |  1.1

Action                   |  1- 3 |  4- 6 || total
-------------------------+-------+-------++-------
Melee: War axe           |    50 |   121 ||   171
       Headbutt          |     7 |    17 ||    24
Invok: Depart the Abyss  |     1 |       ||     1
       Renounce Religion |       |     1 ||     1
  Use: Scroll            |     1 |       ||     1
       Potion            |       |     1 ||     1
Armor: Scale mail        |    34 |       ||    34
       Chain mail        |     6 |   109 ||   115
Dodge: Dodged            |    43 |    36 ||    79
Block: Buckler           |    17 |    18 ||    35

Table legend: (Time is in decaauts)
 A = Elapsed time spent in this place.
 B = Non-inter-level travel time spent in this place.
 C = Inter-level travel time spent in this place.
 D = Time resting spent in this place.
 E = Time spent auto-exploring this place.
 F = Levels seen in this place.
 G = Mean time per level.
                   A        B        C        D        E       F      G
               +--------+--------+--------+--------+--------+-----+--------+
         Total |   2460 |   2397 |     63 |    238 |   1195 |   4 |  615.0 |
       Dungeon |   2435 |   2372 |     63 |    238 |   1195 |   3 |  811.7 |
         Abyss |     24 |     24 |      0 |      0 |      0 |   1 |   24.0 |
               +--------+--------+--------+--------+--------+-----+--------+

Top non-repeatable levels by time:
     D:3: 851 daAuts
     D:2: 844 daAuts
     D:1: 739 daAuts
 Abyss:1: 24 daAuts
